 Dungeon Sprint DCSS version 0.31-a0-174-g85c54bcb58 (webtiles) character file.

Game seed: 13494059401037617693

25 sircluck the Trooper (level 3, -13/36 HPs)
             Began as a Hill Orc Fighter on June 15, 2023.
             Mangled by an ogre
             ... wielding a +0 giant club
              (29 damage)
             ... in the Dungeon (Sprint I: "Red Sonja").
             The game lasted 00:00:10 (132 turns).

sircluck the Trooper (Hill Orc Fighter)              Turns: 132, Time: 00:00:11

Health: -13/36     AC:  7    Str: 20    XL:     3   Next: 4%
Magic:  3/3        EV:  9    Int:  8    God:
Gold:   0          SH:  4    Dex: 10    Spells: 2/2 levels left

rFire   . . .        a - +0 war axe
rCold   . . .        c - +0 buckler
rNeg    . . .        b - +0 scale mail
rPois   .            (no helmet)
rElec   .            (no cloak)
rCorr   .            (no gloves)
SInv    .            (no boots)
Will    .....        (no amulet) Stlth
                     (no ring)
HPRegen 0.26/turn    (no ring)
MPRegen 0.08/turn

%: no teleportation
@: no status effects
A: no striking features
a: no special abilities


You were in the Dungeon.
You visited 1 branch

Inventory:

Hand Weapons
 a - a +0 war axe (weapon)
Armour
 b - a +0 scale mail (worn)
 c - a +0 buckler (worn)
Wands
 k - a wand of flame (8)
Scrolls
 j - a scroll of blinking
Potions
 d - a potion of might
 e - a potion of curing
 f - a potion of heal wounds
 g - a potion of haste
 h - 2 potions of magic
 i - a potion of berserk rage


   Skills:
 + Level 5.1 Fighting
 + Level 3.5 Axes
 + Level 4.9 Armour
 + Level 0.1 Dodging
 + Level 4.6 Shields


You had 2 spell levels left.
You didn't know any spells.
Your spell library was empty.

Dungeon Overview and Level Annotations

Branches:
Dungeon (1/1)

Altars:


Message History

You slash Ijyb!
Ijyb is almost dead.
Ijyb zaps a wand.
The puff of flame hits you.
Ijyb zaps a wand.
The puff of flame hits you.
* * * LOW HITPOINT WARNING * * *
You hit Ijyb but do no damage.
Ijyb is almost dead.
Ijyb zaps a wand.
The puff of flame misses you.
You hit Ijyb.
You kill Ijyb!
Your Fighting skill gained 2 levels and is now at level 5!
Your Axes skill increases to level 3!
Your Armour skill increases to level 4!
Your Shields skill increases to level 4!
You have reached level 2!
You have reached level 3!
Your experience leads to an increase in your attributes!
Increase (S)trength, (I)ntelligence, or (D)exterity?
You feel stronger. x2
Unknown command.
k - a wand of flame (8)
Things that are here:
a +0 club; a +0 ring mail; the goblin corpse of Ijyb You start resting.
HP restored.
You open the door.
An ogre comes into view. It is wielding a +0 giant club.
The ogre shouts!
The ogre hits you with a +0 giant club!!
Ouch! That really hurt!
There is an open door, spattered with blood here.
You hit the ogre.
The ogre is lightly wounded.
You slash the ogre!
The ogre is heavily wounded.
You block the ogre's attack.
You hit the ogre.
The ogre is severely wounded.
The ogre hits you with a +0 giant club!!
Ouch! That really hurt!
You die...

##########
#<.#..@O.#
#..').#..+
#..#####+#
#..# #..#
#..# #⌠⌠#
####


You could see an ogre.

Vanquished Creatures
  Ijyb (D)
1 creature vanquished.

Notes
Turn   | Place    | Note
-------+----------+-------------------------------------------
     0 | D        | sircluck the Hill Orc Fighter began the quest for the Orb.
     0 | D        | Reached XP level 1. HP: 19/19 MP: 1/1
     1 | D        | Noticed Ijyb
    15 | D        | Killed Ijyb
    16 | D        | Reached skill level 5 in Fighting
    16 | D        | Reached XP level 2. HP: 5/29 MP: 2/2
    16 | D        | Reached XP level 3. HP: 7/36 MP: 3/3
   128 | D        | Noticed an ogre
   132 | D        | Mangled by an ogre

Illustrated notes

Levels and vault maps discovered:
D:        dungeon_sprint_1 [red_sonja_temple_1, red_sonja_temple_small_1]

Skill      XL: |  1 |
---------------+----+-----
Fighting       | 5 |  5.1
Axes           | 3 |  3.5
Armour         | 4 |  4.9
Shields        | 4 |  4.6
Dodging        | |  0.1

Action                     || total
---------------------------++-------
  Melee: War axe           ||    16
 Armour: Scale mail        ||     2
  Dodge: Dodged            ||     6
  Block: Buckler           ||     2

Table legend: (Time is in decaauts)
 A = Elapsed time spent in this place.
 B = Non-inter-level travel time spent in this place.
 C = Inter-level travel time spent in this place.
 D = Time resting spent in this place.
 E = Time spent auto-exploring this place.
 F = Levels seen in this place.
 G = Mean time per level.
                   A        B        C        D        E       F      G
               +--------+--------+--------+--------+--------+-----+--------+
         Total |    137 |    137 |      0 |    108 |      1 |   1 |  137.0 |
       Dungeon |    137 |    137 |      0 |    108 |      1 |   1 |  137.0 |
               +--------+--------+--------+--------+--------+-----+--------+

Top non-repeatable levels by time:
       D: 137 daAuts
